 Dungeon Sprint DCSS version 0.27-a0-1065-ge809cff456 (webtiles) character file.

Game seed: 3527006488762443814

215 mhtbhm the Arsonist (level 5, -20/28 HPs)
             Began as a Deep Elf Fire Elementalist on Apr 23, 2021.
             Was an Initiate of Vehumet.
             Killed from afar by an ironbound frostheart (30 damage)
             ... with a frost
             ... in the Dungeon (Sprint V: "Ziggurat Sprint").
             The game lasted 00:01:35 (352 turns).

mhtbhm the Arsonist (Deep Elf Fire Elementalist)     Turns: 352, Time: 00:01:36

Health: -20/28     AC:  5    Str:  5    XL:     5   Next: 60%
Magic:  6/16       EV: 16    Int: 33    God:    Vehumet [......]
Gold:   0          SH:  0    Dex: 21    Spells: 2/18 levels left

rFire    + . .     SeeInvis .   C - +8 lance "Wyrmbane" {slay drac, rPois rF+ rC+ AC+3}
rCold    + . .     Faith    .   (no shield)
rNeg     . . .     Spirit   .   a - +0 robe
rPois    +         Reflect  .   (no helmet)
rElec    .         Harm     .   (no cloak)
rCorr    .         Rampage  .   (no gloves)
Will     .....     NoTele   +   (no boots)
Stlth    +++.......             (no amulet)
HPRegen  0.09/turn              u - +6 ring of intelligence
MPRegen  0.15/turn              r - ring of Ralap {Int+6 Dex+6 Slay-3}

@: frozen, very slow
A: no striking features
a: Renounce Religion


You were in the Dungeon.
You worshipped Vehumet.
Vehumet was noncommittal.
You visited 1 branch

Inventory:

Hand Weapons
 C - the +8 lance "Wyrmbane" (weapon) {slay drac, rPois rF+ rC+ AC+3}
   (You found it in the Dungeon)

   It affects your AC (+3).
   It protects you from fire.
   It protects you from cold.
   It protects you from poison.
Armour
 a - a +0 robe (worn)
Jewellery
 r - the ring of Ralap (right hand) {Int+6 Dex+6 Slay-3}
   (You found it in the Dungeon)

   [ring of dexterity]

   It affects your intelligence (+6).
   It affects your dexterity (+6).
   It affects your accuracy and damage with ranged weapons and melee attacks
   (-3).
 u - a +6 ring of intelligence (left hand)
Wands
 y - a wand of mindburst (7)
 z - a wand of iceblast (5)
 A - a wand of acid (4)
Scrolls
 h - 3 scrolls of blinking
 m - 4 scrolls of amnesia
 n - 7 scrolls of fog
 o - a scroll of holy word
 p - 5 scrolls of identify
 q - 2 scrolls of fear
Potions
 b - 2 potions of brilliance
 c - 10 potions of curing
 d - 10 potions of heal wounds
 e - 6 potions of haste
 f - 7 potions of magic
 g - 3 potions of berserk rage
 i - 2 potions of invisibility
 j - 4 potions of resistance
 k - a potion of experience
 l - 5 potions of might
Miscellaneous
 B - a lightning rod (4/4)


   Skills:
 + Level 5.5 Dodging
 + Level 5.1 Stealth
 + Level 7.3 Spellcasting
 + Level 1.6 Conjurations
 + Level 9.9 Fire Magic
 + Level 2.4 Evocations


You had 2 spell levels left.
You knew the following spells:

 Your Spells              Type           Power      Damage    Failure   Level
a - Foxfire               Conj/Fire      100%       2x1d9     1%          1
b - Conjure Flame         Conj/Fire      50%        6-21      1%          3
c - Inner Flame           Hex/Fire       44%        N/A       1%          3
d - Sticky Flame          Conj/Fire      50%        2d7       3%          4
e - Fireball              Conj/Fire      25%        3d11      10%         5

Your spell library contained the following spells:

 Spells                   Type           Power      Damage    Failure   Level


Dungeon Overview and Level Annotations

Branches:
Dungeon (1/1)

Altars:
Ashenzari
Cheibriados
Dithmenos
Elyvilon
Fedhas
Gozag
Hepliaklqana
Kikubaaqudgha
Makhleb
Nemelex Xobeh
Okawaru
Qazlal
Ru
Sif Muna
Trog
Uskayaw
Vehumet
Wu Jian
Xom
Yredelemnul
Zin
The Shining One
Beogh
Jiyva
Lugonu

Annotations:
D 1 transporter


Message History

A slime creature and an ironbound frostheart come into view.
Found a +2 dagger of speed, a ring of magical power and a staff of earth.
Found a transporter.
Unknown command.
Press: ? - help, v - describe, . - travel, g - get item
Here: an ironbound frostheart, wearing a +0 scale mail (asleep) Item here: a staff of earth.
The floor.
Casting: Foxfire (safe; 1% risk of failure)
Confirm with . or Enter, or press ? or * to list all spells.
The spell is extremely dangerous to cast (10% risk of failure)!
Continue anyway?
Aiming: Fireball (extremely dangerous; 10% risk of failure)
Press: ? - help, Shift-Dir - straight line, f - ironbound frostheart
Aim: an ironbound frostheart, wearing a +0 scale mail (asleep)
The fireball explodes!
The fireball engulfs the ironbound frostheart!!
The ironbound frostheart is moderately wounded.
The ironbound frostheart shouts!
The fireball engulfs the slime creature!
The slime creature is lightly wounded.
The ironbound frostheart calls freezing cold from the walls.
The frost grips you!! You partially resist.
Ouch! That really hurt!
You are encased in ice.
Unknown command.
Casting: Fireball (extremely dangerous; 10% risk of failure)
Confirm with . or Enter, or press ? or * to list all spells.
The spell is extremely dangerous to cast (10% risk of failure)!
Continue anyway?
Aiming: Fireball (extremely dangerous; 10% risk of failure)
Press: ? - help, Shift-Dir - straight line, f/p - ironbound frostheart
Aim: an ironbound frostheart, wearing a +0 scale mail (moderately wounded)
The fireball explodes!
The fireball engulfs the ironbound frostheart!
The ironbound frostheart is heavily wounded.
The fireball engulfs the slime creature!!
The slime creature is heavily wounded.
The ironbound frostheart calls freezing cold from the walls.
The frost grips you!! You partially resist.
Ouch! That really hurt!
You die...

▓▓▓▓▓▓▓▓▓▓▓▓▓
▓.8©8.▓.8©8.▓
▓.p)=.▓.....▓
▓.....▓.[.=.▓
▓..J..▓.....▓
▓.....▓.....▓
▓.....▓..©..▓
▓..@..▓▓▓▓▓▓▓
▓▓▓▓▓▓▓


You could see a slime creature and an ironbound frostheart.

Vanquished Creatures
  A slime creature (D)
  A jelly (D)
2 creatures vanquished.

Notes
Turn   | Place    | Note
-------+----------+-------------------------------------------
     0 | D        | mhtbhm the Deep Elf Fire Elementalist began the quest for
                  | the Orb.
     0 | D        | Reached XP level 1. HP: 10/10 MP: 6/6
     0 | D        | Found a shimmering blue altar of Sif Muna.
     0 | D        | Found a bloodstained altar of Trog.
     0 | D        | Found a sacrificial altar of Ru.
     0 | D        | Found a stormy altar of Qazlal.
     0 | D        | Found an iron altar of Okawaru.
     1 | D        | Found a sparkling altar of Nemelex Xobeh.
     1 | D        | Found a blossoming altar of Fedhas.
     2 | D        | Found the +6 Majin-Bo {vamp, MP+6 Int+6}
     2 | D        | Found the +9 heavy crossbow "Sniper" {vorpal, Acc+∞ SInv}
     2 | D        | Found the +10 dark maul {vorpal}
     2 | D        | Found the +15 Maxwell's patent armour {-Cast -Tele rElec
                  | Will+ rCorr}
     2 | D        | Found the +18 shield of the Gong {rElec rN+ Will+ EV-5}
     2 | D        | Found the +14 obsidian axe {vorpal, Drain Fly SInv}
     2 | D        | Found the +7 great mace "Firestarter" {inner flame, rF++}
     2 | D        | Found the +6 shillelagh "Devastator" {shatter}
     2 | D        | Found the +11 plutonium sword {Contam Stlth-}
     2 | D        | Found the +8 lance "Wyrmbane" {slay drac, rPois rF+ rC+
                  | AC+3}
     2 | D        | Found the +9 sword of Zonguldrok {reap}
     2 | D        | Found the +13 scythe of Curses {drain, Drain}
     2 | D        | Found the +5 sword of Power {vorpal}
     2 | D        | Found the +7 mace of Variability {chain chaos}
     2 | D        | Found the +7 Singing Sword {vorpal, sonic wave}
     2 | D        | Found the +8 storm bow {elec, penet}
     3 | D        | Found a transporter.
     3 | D        | Found an ancient bone altar of Kikubaaqudgha.
     3 | D        | Found a viscous altar of Jiyva.
     3 | D        | Found a corrupted altar of Lugonu.
     3 | D        | Found a hazy altar of Hepliaklqana.
     3 | D        | Found a burning altar of Makhleb.
     3 | D        | Found an opulent altar of Gozag.
    14 | D        | Banished a spatial maelstrom
    42 | D        | Became a worshipper of Vehumet
    55 | D        | Entered arena 2.
    55 | D        | Noticed a jelly
    55 | D        | Noticed a slime creature
    55 | D        | Found a transporter.
    58 | D        | Killed a jelly
    59 | D        | Reached skill level 5 in Fire Magic
    59 | D        | Reached XP level 2. HP: 15/15 MP: 6/9
    62 | D        | Killed a slime creature
    63 | D        | Reached skill level 5 in Dodging
    63 | D        | Reached skill level 5 in Stealth
    63 | D        | Reached skill level 9 in Fire Magic
    63 | D        | Reached XP level 3. HP: 1/19 MP: 6/13
    63 | D        | Reached XP level 4. HP: 2/24 MP: 6/15
    63 | D        | Reached XP level 5. HP: 2/28 MP: 6/16
    67 | D        | Learned a level 3 spell: Conjure Flame
    71 | D        | Learned a level 3 spell: Inner Flame
    76 | D        | Learned a level 4 spell: Sticky Flame
    82 | D        | Learned a level 5 spell: Fireball
    85 | D        | Got the ring of Ralap {Int+6 Dex+6 Slay-3}
   350 | D        | Entered arena 3.
   350 | D        | Noticed an ironbound frostheart
   350 | D        | Noticed a slime creature
   350 | D        | Found a transporter.
   352 | D        | Killed from afar by an ironbound frostheart

Illustrated notes

Levels and vault maps discovered:
D:        sprint_v [room_start, room_1, room_2, room_3, room_4, room_5, room_6,
          room_7, room_8, room_9, room_10, room_11, room_12, room_13, room_14,
          room_15, room_16, room_17, room_18, room_19, room_20, room_21,
          room_22, room_23, room_24, room_25, room_26, room_27]

Skill      XL: |  1  2 |
---------------+-------+-----
Dodging        | 3 5 |  5.5
Stealth        | 3 5 |  5.1
Spellcasting   | 4 7 |  7.3
Fire Magic     | 5 9 |  9.9
Evocations     | 2 |  2.4
Conjurations   | |  1.6

Action                   |  1- 3 |  4- 6 || total
-------------------------+-------+-------++-------
 Cast: Fireball          |       |     2 ||     2
Evoke: Wand              |     5 |       ||     5
       Lightning rod     |     1 |       ||     1
  Use: Scroll            |     1 |       ||     1

Table legend: (Time is in decaauts)
 A = Elapsed time spent in this place.
 B = Non-inter-level travel time spent in this place.
 C = Inter-level travel time spent in this place.
 D = Time resting spent in this place.
 E = Time spent auto-exploring this place.
 F = Levels seen in this place.
 G = Mean time per level.
                   A        B        C        D        E       F      G
               +--------+--------+--------+--------+--------+-----+--------+
         Total |    349 |    349 |      0 |    256 |      0 |   1 |  349.0 |
       Dungeon |    349 |    349 |      0 |    256 |      0 |   1 |  349.0 |
               +--------+--------+--------+--------+--------+-----+--------+

Top non-repeatable levels by time:
       D: 349 daAuts
